 Dungeon Crawl Stone Soup version 0.29-a0-359-g541a27f (webtiles) character file.

Game seed: 13080776347735175852

192 lunatic the Sneak (level 6, -12/38 HPs)
             Began as a Kobold Delver on Apr 26, 2022.
             Mangled by a mummy (17 damage)
             ... in an ossuary.
             The game lasted 00:02:37 (500 turns).

lunatic the Sneak (Kobold Delver)                    Turns: 500, Time: 00:02:38

Health: -12/38     AC:  4    Str:  9    XL:     6   Next: 2%
Magic:  6/6        EV: 15    Int: 12    God:
Gold:   5          SH:  0    Dex: 18    Spells: 5/5 levels left

rFire   + . .      SeeInvis .   a - +0 short sword
rCold   + . .      Faith    .   (no shield)
rNeg    . . .      Spirit   .   b - +1 leather armour
rPois   +          Reflect  .   (no helmet)
rElec   +          Harm     .   (no cloak)
rCorr   +          Rampage  .   (no gloves)
Will    .....                   (no boots)
Stlth   +++++.....              (no amulet)
HPRegen 0.12/turn               (no ring)
MPRegen 0.10/turn               (no ring)

@: resistant
A: small, no large weapons, nightstalker 3
a: no special abilities


You were in an ossuary.
You visited 1 branch of the dungeon, and saw 4 of its levels.
You also visited: Ossuary.

You collected 5 gold pieces.

Inventory:

Hand Weapons
 a - a +0 short sword (weapon)
Missiles
 j - 5 poisoned darts (quivered)
Armour
 b - a +1 leather armour (worn)
Wands
 g - a wand of digging (3)
Scrolls
 c - a scroll of fog
 e - a scroll of fear
 h - a scroll of teleportation
 i - a scroll of identify {unknown}
 k - a scroll of enchant armour
Potions
 f - a potion of haste
 l - a potion of curing {unknown}


   Skills:
 - Level 3.9 Fighting
 + Level 6.2 Short Blades
 - Level 3.2 Dodging
 - Level 7.1 Stealth


You had 5 spell levels left.
You didn't know any spells.
Your spell library was empty.

Dungeon Overview and Level Annotations

Branches:
Dungeon (6/15)            Ossuary (1/1)
 Temple: D:4-7

Altars:

Annotations:
D:3 Terence


Innate Abilities, Weirdness & Mutations

You are small and have problems with some larger weapons.
You are completely attuned to the shadows.


Message History

The helpless giant cockroach fails to defend itself.
You skewer the giant cockroach like a kebab!!!
You kill the giant cockroach!
An endoplasm comes into view.
You see here a giant cockroach corpse.
The endoplasm hits you but does no damage.
The endoplasm freezes you.
You are frozen.
You puncture the endoplasm!
You kill the endoplasm!
There is an open door here.
Found a sand-covered staircase.
You hear a distant slurping noise.
There is a sand-covered staircase here.
The world spins around you as you enter the gateway.
You enter an ossuary!
Found a gate leading back out of this place.
There is an empty arch of ancient stone here.
You start resting.
A mummy opens the door.
The mummy hits you!
There is an open door, spattered with blood here.
You hit the mummy but do no damage. You hit the mummy.
The mummy is moderately damaged.
The mummy barely misses you.
You hit the mummy.
The mummy is heavily damaged.
You hit the mummy.
The mummy is heavily damaged.
You hit the mummy but do no damage.
The mummy is heavily damaged.
The mummy hits you!
* * * LOW HITPOINT WARNING * * *
You barely miss the mummy.
The mummy is heavily damaged.
It was a potion of resistance.
You feel protected. The mummy hits you!
You die...

##. '.
#.#####
+.#...#
#.@.∩.#
#.'M#..∩#
###.#####
'. ##.


You could see a mummy.

Vanquished Creatures
  An ogre (D:4)
  A scorpion (D:6)
  A hound (D:4)
  An endoplasm (D:4)
  A giant cockroach (D:4)
  2 hobgoblins (D:4)
  2 jackals (D:4)
  A kobold (D:4)
  A quokka (D:4)
  A ball python (D:4)
12 creatures vanquished.

Vanquished Creatures (others)
  6 withered plants (Ossuary)
6 creatures vanquished.

Grand Total: 18 creatures vanquished

Notes
Turn   | Place    | Note
-------+----------+-------------------------------------------
     0 | D:5      | lunatic the Kobold Delver began the quest for the Orb.
     0 | D:5      | Reached XP level 1. HP: 14/14 MP: 1/1
     6 | D:5      | Noticed a scorpion
    21 | D:6      | Noticed a scorpion
    22 | D:6      | Killed a scorpion
    23 | D:6      | Reached skill level 7 in Stealth
    23 | D:6      | Reached XP level 2. HP: 20/20 MP: 2/2
    23 | D:6      | Reached XP level 3. HP: 24/24 MP: 3/3
    23 | D:6      | Reached XP level 4. HP: 29/29 MP: 4/4
    93 | D:3      | Noticed Terence
   157 | D:4      | Noticed an ogre
   161 | D:4      | Killed an ogre
   162 | D:4      | Reached skill level 5 in Short Blades
   162 | D:4      | Reached XP level 5. HP: 33/33 MP: 5/5
   250 | D:4      | Reached XP level 6. HP: 7/38 MP: 6/6
   452 | D:4      | Found a sand-covered staircase.
   458 | Ossuary  | Entered an ossuary
   500 | Ossuary  | Mangled by a mummy

Illustrated notes

Levels and vault maps discovered:
D:3:      layout_basic, uniq_terence, uniq_robin
D:4:      layout_basic, mainiacjoe_overflow_six_doors_small,
          nicolae_ossuary_entry_monument
D:5:      layout_cave_pools, minmay_temple_entry_crystal_x
D:6:      layout_rooms, grunt_temple_overflow_diamond, kennysheep_another_room
Ossuary:  ossuary_zaba_flooded

Skill      XL: |  1  2  3  4  5 |
---------------+----------------+-----
Short Blades   | 3 5 6 |  6.2
Dodging        | 3 |  3.2
Stealth        | 7 |  7.1
Fighting       | |  3.9

Action                   |  1- 3 |  4- 6 || total
-------------------------+-------+-------++-------
Melee: Short sword       |     1 |    36 ||    37
       Punch             |       |     1 ||     1
  Use: Scroll            |       |     3 ||     3
       Potion            |       |     1 ||     1
 Stab: Sleeping          |     1 |     6 ||     7
Armor: Leather armour    |       |     8 ||     8
Dodge: Dodged            |       |    19 ||    19

Table legend: (Time is in decaauts)
 A = Elapsed time spent in this place.
 B = Non-inter-level travel time spent in this place.
 C = Inter-level travel time spent in this place.
 D = Time resting spent in this place.
 E = Time spent auto-exploring this place.
 F = Levels seen in this place.
 G = Mean time per level.
                   A        B        C        D        E       F      G
               +--------+--------+--------+--------+--------+-----+--------+
         Total |    493 |    493 |      0 |     96 |     74 |   5 |   98.6 |
       Dungeon |    452 |    452 |      0 |     62 |     74 |   4 |  113.0 |
       Ossuary |     40 |     40 |      0 |     34 |      0 |   1 |   40.0 |
               +--------+--------+--------+--------+--------+-----+--------+

Top non-repeatable levels by time:
     D:4: 367 daAuts
     D:5: 46 daAuts
 Ossuary: 40 daAuts
     D:3: 35 daAuts
     D:6: 2 daAuts
